Map: Capullo de rosa EE

Players

MrFercho - Winner!

  • Race: Terran Terran
  • League: Silver
  • Spawn Location: 5:00

tigro - Winner!

  • Race: Terran Terran
  • League: Bronze
  • Spawn Location: 5:00

TATORREA - Winner!

  • Race: Protoss Protoss
  • League: Silver
  • Spawn Location: 5:00

Deathreticle

  • Race: Terran Terran
  • Spawn Location: 11:00

Pro

  • Race: Protoss Protoss
  • Spawn Location: 11:00

ReLLiK

  • Race: Terran Terran
  • Spawn Location: 11:00

VOD

Have the link to the VOD?

Description

Time

  • Played on: May 31, 2020, 8:27 p.m.
  • Length: 15:17
Show
View Real Time Build Order
Export as new Build Order

MrFercho Terran - Winner!

Build Orders:  

Get SALT Encoding   

  12  0:45  SCV  
  13  0:57  SCV  
  13  1:00  Supply Depot  
  14  1:05  Refinery  
  14  1:09  Refinery, SCV  
  15  1:22  SCV  
  15  1:24  Barracks  
  16  1:34  SCV  
  17  1:40  Supply Depot  
  17  1:46  SCV  
  18  1:58  SCV  
  19  2:13  Orbital Command  
  19  2:26  Factory  
  19  2:28  Barracks Reactor  
  19  2:42  Supply Depot  
  19  3:14  Marine x2  
  19  3:15  Command Center  
  21  3:30  Factory Tech Lab  
  21  3:31  Marine x2  
  23  3:39  Factory  
  23  3:45  SCV  
  24  3:49  Marine  
  25  3:57  SCV  
  26  4:02  Starport  
  26  4:09  SCV  
  27  4:21  SCV  
  28  4:30  Armory  
  28  4:38  Orbital Command  
  28  4:45  Refinery  
  28  4:55  SCV  
  29  5:07  SCV  
  29  5:08  SCV  
  31  5:15  Widow Mine  
  31  5:16  Widow Mine  
  31  5:19  Armory, SCV  
  31  5:20  SCV  
  37  5:23  Starport  
  37  5:27  Terran Ship Weapons Level 1  
  37  5:31  SCV  
  37  5:32  SCV  
  39  5:37  Widow Mine x2  
  39  5:41  Engineering Bay  
  43  5:43  SCV, Drilling Claws  
  43  5:44  SCV  
  45  5:52  Viking  
  45  5:56  SCV  
  48  5:58  Widow Mine  
  50  6:09  SCV  
  51  6:15  Refinery  
  51  6:21  SCV  
  51  6:22  Viking  
  54  6:34  Supply Depot  
  54  6:55  Viking  
  54  6:56  Supply Depot, SCV  
  54  6:58  Command Center  
  57  7:08  SCV  
  58  7:18  Starport  
  58  7:19  Supply Depot  
  58  7:26  Starport  
  58  7:45  Terran Ship Weapons Level 2  
  58  7:46  Terran Vehicle And Ship Armor Level 1  
  58  7:55  Fusion Core  
  58  8:03  Widow Mine x2  
  62  8:15  Viking  
  62  8:16  Viking x3  
  70  8:24  Widow Mine  
  70  8:25  Widow Mine  
  74  8:45  Viking, Widow Mine  
  74  8:46  Viking, Widow Mine  
  82  9:07  Viking, Widow Mine x2  
  82  9:08  Viking  
  90  9:15  Viking  
  90  9:16  Viking  
  94  9:28  Widow Mine  
  94  9:29  Widow Mine  
  98  9:31  Command Center  
  98  9:37  Viking  
  100  9:55  Sensor Tower  
  100  10:06  Sensor Tower  
  100  10:16  Sensor Tower  
  100  10:24  Missile Turret  
  100  10:29  Missile Turret  
  100  10:43  Viking x2  
  104  10:53  Missile Turret  
  104  10:54  Missile Turret  
  90  11:35  Viking  
  90  11:36  Viking x3  
  98  12:05  Viking  
  98  12:06  Viking x3  
  106  12:35  Viking  
  106  12:36  Viking x3  
  114  13:05  Viking  
  116  13:42  Viking  
  116  14:11  Viking  
  116  14:12  Viking  
  116  14:13  Viking  
  92  14:41  Viking  
Show
View Real Time Build Order
Export as new Build Order

tigro Terran - Winner!

Build Orders:  

Get SALT Encoding   

  12  0:03  SCV  
  13  0:15  SCV  
  14  0:23  Supply Depot  
  14  0:33  Refinery  
  14  0:34  SCV  
  15  0:46  SCV  
  16  0:56  Barracks  
  16  1:07  SCV  
  17  1:15  Refinery  
  17  1:19  SCV  
  18  1:27  Supply Depot  
  18  1:31  SCV  
  19  1:43  SCV  
  19  1:46  Marine  
  21  2:04  Marine  
  21  2:06  Barracks  
  22  2:13  SCV  
  23  2:21  Marine  
  24  2:25  SCV  
  24  2:26  Engineering Bay  
  25  2:38  SCV  
  25  2:39  Marine  
  27  2:50  SCV  
  28  2:56  Barracks Tech Lab  
  28  2:57  Marine  
  29  3:19  Barracks Tech Lab  
  29  3:20  Combat Shield  
  29  3:23  Terran Infantry Weapons Level 1  
  29  3:29  Marine  
  30  3:58  Stimpack  
  30  3:59  Factory  
  30  4:07  Orbital Command  
  30  4:39  Concussive Shells  
  30  4:55  Command Center  
  30  4:58  Factory Tech Lab  
  30  5:10  Starport  
  30  5:17  Terran Infantry Armor Level 1  
  30  5:21  Armory  
  30  5:27  Siege Tank  
  33  5:31  Marine  
  33  5:34  Marine  
  35  5:49  Marine  
  36  5:52  Marine  
  37  6:06  Marine  
  37  6:07  Siege Tank  
  37  6:09  Refinery  
  37  6:10  Marine  
  37  6:11  Planetary Fortress  
  42  6:29  Missile Turret  
  42  6:43  Medivac  
  44  6:50  Missile Turret  
  44  7:05  SCV  
  45  7:11  Neosteel Armor  
  45  7:17  SCV  
  45  7:20  Missile Turret  
  46  7:25  Marine x2  
  46  7:26  Refinery  
  46  7:29  SCV  
  49  7:42  SCV  
  49  7:43  Marine x2, Missile Turret  
  52  7:45  Starport Tech Lab  
  52  7:54  SCV  
  53  8:01  Marine x2  
  55  8:07  Siege Tank  
  58  8:13  Missile Turret  
  58  8:19  Marine x2  
  60  8:36  Marine  
  60  8:37  Marine  
  62  8:51  Hi-Sec Auto Tracking  
  62  8:55  Fusion Core  
  62  8:59  Missile Turret  
  62  9:44  Supply Depot  
  62  9:48  Terran Infantry Armor Level 2  
  62  10:05  Marine x2  
  58  10:23  Marine x2  
  43  10:41  Marine x2  
  38  10:52  Battlecruiser  
  38  10:54  Weapon Refit  
  44  10:59  Marine x2, Terran Vehicle Weapons Level 1  
  46  11:16  Marine x2  
  48  11:43  Thor  
  54  11:56  Battlecruiser  
  60  12:04  Terran Infantry Weapons Level 2  
  60  12:25  Thor  
  60  12:26  Marine x2  
  68  12:34  Rapid Reignition System  
  68  12:43  Marine  
  68  12:44  Marine  
  70  12:53  Terran Vehicle And Ship Armor Level 1  
  70  13:00  Medivac  
  70  13:01  Marine x2  
  73  13:19  Marine x2  
  73  13:31  Advanced Ballistics  
  73  13:37  Marine x2  
  56  14:43  Marine x2  
Show
View Real Time Build Order
Export as new Build Order

TATORREA Protoss - Winner!

Build Orders: Carriers 

Get SALT Encoding   

  12  0:01  Probe  
  13  0:33  Pylon  
  13  0:45  Probe  
  14  0:58  Probe  
  15  1:12  Nexus  
  15  1:16  Gateway  
  15  1:18  Probe  
  16  1:31  Probe  
  17  1:45  Probe  
  18  1:49  Assimilator  
  18  1:57  Probe  
  19  2:03  Assimilator  
  19  2:09  Probe  
  20  2:24  Probe x2  
  22  2:36  Probe x2  
  24  2:40  Gateway  
  24  2:42  Cybernetics Core  
  24  2:48  Probe x2  
  26  3:09  Probe  
  26  3:10  Warp Gate, Probe  
  28  3:13  Pylon  
  28  3:15  Pylon  
  28  3:19  Pylon  
  28  3:21  Probe  
  28  3:22  Probe  
  30  3:27  Stalker (Chrono Boost), Pylon  
  30  3:28  Stalker (Chrono Boost)  
  34  3:36  Probe x2  
  36  3:46  Pylon  
  36  3:48  Probe x2  
  36  3:49  Pylon  
  38  3:56  Stalker  
  40  4:03  Probe  
  40  4:05  Probe  
  42  4:15  Forge  
  42  4:20  Twilight Council  
  42  4:24  Probe x2  
  42  4:26  Stalker  
  46  4:32  Assimilator  
  46  4:34  Assimilator  
  46  4:36  Probe x2  
  48  4:48  Probe  
  48  4:49  Probe  
  50  5:01  Probe x2  
  52  5:13  Probe  
  53  5:20  Nexus  
  53  5:24  Charge, Probe  
  53  5:25  Probe  
  55  5:30  Protoss Ground Weapons Level 1 (Chrono Boost)  
  55  5:36  Probe  
  55  5:37  Probe  
  55  5:40  Stalker  
  55  5:41  Stalker  
  55  5:42  Protoss Air Weapons Level 1  
  61  5:48  Probe  
  61  5:49  Probe  
  63  5:54  Stargate x2  
  63  5:59  Robotics Facility  
  63  6:02  Probe x2  
  65  6:13  Pylon  
  65  6:14  Probe x2  
  65  6:16  Pylon  
  65  6:18  Stalker x2  
  69  6:20  Pylon  
  69  6:24  Pylon  
  71  6:34  Probe x2  
  71  6:35  Probe  
  74  6:44  Assimilator  
  74  6:46  Probe x2  
  74  6:47  Probe  
  77  6:48  Assimilator  
  77  6:50  Oracle x2  
  77  6:54  Warp Prism  
  85  7:04  Probe  
  85  7:05  Probe x2, Blink  
  88  7:16  Probe  
  88  7:17  Probe  
  90  7:30  Protoss Ground Weapons Level 2 (Chrono Boost)  
  90  7:42  Fleet Beacon  
  90  7:45  Robotics Bay  
  90  7:55  Pylon  
  90  7:58  Pylon  
  90  8:01  Stalker x2  
  90  8:02  Pylon  
  94  8:05  Pylon  
  94  8:09  Pylon  
  94  8:10  Gateway  
  94  8:12  Gateway  
  88  8:14  Gateway  
  88  8:16  Gateway  
  88  8:17  Pylon  
  88  8:18  Gateway  
  88  8:21  Gateway  
  88  8:23  Gateway  
  88  8:26  Gateway  
  88  8:28  Gateway  
  88  8:39  Zealot x2  
  92  8:47  Immortal  
  96  8:52  Carrier x2  
  108  9:15  Zealot x4  
  108  9:16  Protoss Air Weapons Level 2, Zealot x2  
  120  9:25  Nexus  
  120  9:53  Protoss Ground Armor Level 1 (Chrono Boost)  
  84  10:37  Stalker x2  
  84  10:38  Stalker x4  
  84  10:39  Stalker x2  
  84  10:41  Stalker x2, Carrier x2  
  84  10:42  Colossus  
  104  10:43  Stalker  
  124  11:15  Stalker  
  126  11:27  Stalker x2  
  126  11:28  Stalker x4  
  126  11:29  Stalker x2  
  126  11:30  Stalker x2  
  130  11:35  Colossus  
  124  11:45  Carrier x2  
  130  11:49  Stalker  
  132  12:02  Stalker  
  132  12:03  Stalker x2  
  132  12:04  Zealot  
  132  12:05  Zealot x3  
  132  12:06  Zealot  
  98  13:27  Stalker x4  
  98  13:28  Stalker x4  
  98  13:29  Stalker x2  
  98  13:30  Stalker  
  98  13:34  Carrier x2  
  132  14:00  Colossus  
  138  14:07  Assimilator  
  138  14:12  Assimilator  
  138  14:33  Zealot  
  138  14:34  Zealot x3  
  138  14:35  Zealot x5  
  138  14:36  Zealot x2  
Show
View Real Time Build Order
Export as new Build Order

Deathreticle Terran 

Build Orders:  

Get SALT Encoding   

  12  0:06  SCV  
  13  0:18  SCV  
  14  0:28  Refinery  
  14  0:31  Refinery  
  14  0:34  SCV  
  15  0:42  Supply Depot  
  15  1:04  SCV  
  15  1:09  Barracks  
  16  1:16  SCV  
  17  1:28  SCV  
  18  1:40  SCV  
  19  1:52  SCV  
  20  2:02  Factory  
  20  2:05  SCV  
  21  2:17  SCV  
  22  2:27  Command Center  
  22  2:36  SCV  
  23  2:50  Starport  
  23  2:59  Supply Depot  
  23  3:34  Armory  
  23  3:38  Supply Depot  
  23  3:43  SCV, Refinery  
  23  3:46  SCV  
  25  3:52  Starport Tech Lab  
  26  3:55  SCV  
  26  3:58  SCV  
  27  4:05  Starport  
  27  4:07  SCV  
  28  4:11  Refinery  
  28  4:19  SCV  
  29  4:28  Fusion Core  
  29  4:31  Terran Ship Weapons Level 1  
  29  4:32  SCV  
  30  4:44  SCV  
  31  4:53  Starport  
  31  4:54  Starport Tech Lab  
  31  4:56  SCV  
  32  5:08  SCV  
  33  5:17  Armory  
  33  5:20  SCV  
  34  5:22  Supply Depot  
  34  5:32  SCV  
  35  5:40  Starport, Starport Tech Lab  
  35  5:52  Battlecruiser  
  35  5:54  Battlecruiser  
  47  6:02  SCV  
  48  6:14  SCV  
  49  6:26  SCV  
  50  6:33  Supply Depot  
  50  7:01  Starport Tech Lab  
  50  7:04  Terran Vehicle Weapons Level 1  
  50  7:06  Terran Vehicle And Ship Armor Level 1  
  50  7:24  Supply Depot  
  50  7:30  Starport  
  50  7:33  SCV  
  51  7:45  SCV  
  51  7:46  Battlecruiser  
  58  7:57  SCV  
  59  8:09  SCV  
  59  8:10  Starport Tech Lab  
  60  8:17  Starport  
  60  8:55  Supply Depot  
  60  8:57  Supply Depot  
  60  8:59  Starport Tech Lab  
  60  9:13  Supply Depot  
  60  9:16  Battlecruiser  
  66  9:19  Battlecruiser x2  
  66  9:21  Supply Depot  
  66  9:22  Supply Depot  
  78  9:35  Battlecruiser  
  84  9:40  Supply Depot  
  84  9:43  Battlecruiser  
  84  9:44  Battlecruiser  
  96  9:57  Supply Depot  
  96  9:58  Supply Depot  
  96  10:01  Supply Depot  
  96  10:25  Battlecruiser  
  96  10:26  Battlecruiser  
  108  11:09  Battlecruiser  
  66  11:47  Battlecruiser  
  66  11:48  Battlecruiser  
  72  12:10  Battlecruiser  
  78  12:35  Command Center  
  48  13:28  Battlecruiser  
  48  13:29  Battlecruiser  
  60  13:56  Battlecruiser  
Show
View Real Time Build Order
Export as new Build Order

Pro Protoss 

Build Orders:  

Get SALT Encoding   

  12  0:03  Probe  
  13  0:17  Pylon  
  14  0:35  Probe  
  14  0:44  Gateway  
  14  0:47  Probe  
  15  0:52  Assimilator  
  15  0:59  Probe  
  15  1:00  Assimilator  
  16  1:08  Pylon  
  16  1:14  Pylon  
  16  1:28  Forge  
  17  1:32  Probe  
  17  1:45  Probe  
  18  1:56  Zealot  
  18  1:57  Probe  
  21  2:05  Photon Cannon  
  21  2:09  Photon Cannon  
  21  2:19  Cybernetics Core  
  21  2:23  Probe  
  22  2:35  Pylon, Probe  
  23  2:47  Probe  
  24  2:59  Probe  
  24  3:00  Photon Cannon  
  25  3:08  Gateway  
  25  3:11  Probe  
  26  3:16  Pylon  
  26  3:23  Probe  
  26  3:25  Zealot  
  29  3:34  Photon Cannon  
  29  3:36  Probe  
  30  3:53  Stargate  
  30  3:59  Stargate  
  30  4:09  Photon Cannon  
  30  4:23  Stargate  
  30  4:28  Stargate  
  30  4:31  Probe  
  31  4:53  Nexus  
  31  5:00  Pylon  
  31  5:18  Void Ray  
  35  5:24  Void Ray  
  39  5:33  Shield Battery  
  39  5:44  Probe  
  40  5:50  Void Ray  
  40  5:56  Probe  
  45  6:06  Probe  
  46  6:11  Assimilator  
  46  6:18  Probe  
  47  6:20  Photon Cannon  
  47  6:30  Photon Cannon, Probe  
  48  6:42  Void Ray, Probe  
  53  6:54  Probe  
  54  7:08  Assimilator  
  54  7:14  Probe  
  55  7:21  Void Ray  
  59  7:26  Probe  
  59  7:29  Fleet Beacon  
  60  7:38  Probe  
  60  7:41  Pylon  
  60  7:43  Void Ray  
  65  7:50  Probe  
  66  8:02  Probe  
  66  8:04  Void Ray  
  71  8:14  Probe  
  72  8:26  Probe  
  73  8:29  Mothership  
  81  8:39  Probe  
  82  8:51  Probe  
  83  8:57  Pylon  
  83  8:59  Pylon  
  83  9:02  Pylon  
  83  9:03  Probe  
  83  9:04  Pylon  
  84  9:15  Void Ray, Probe  
  89  9:27  Probe  
  89  9:28  Void Ray  
  94  9:36  Tempest  
  99  9:39  Probe  
  100  9:51  Probe  
  101  10:03  Probe  
  98  10:11  Void Ray  
  94  10:16  Probe  
  79  10:28  Probe  
  54  10:40  Probe  
  55  10:52  Probe  
  56  11:01  Carrier  
  56  11:02  Carrier  
  68  11:04  Probe  
  69  11:14  Void Ray  
  69  11:16  Probe  
  74  11:28  Probe  
  75  11:36  Protoss Air Weapons Level 1  
  75  11:59  Probe  
  76  12:06  Void Ray  
  80  12:11  Probe  
  80  12:13  Void Ray  
  85  12:23  Probe  
  86  12:36  Probe  
Show
View Real Time Build Order
Export as new Build Order

ReLLiK Terran 

Build Orders:  

Get SALT Encoding   

  12  0:23  Supply Depot  
  12  0:55  Supply Depot  
  12  0:59  SCV  
  12  1:01  Barracks  
  13  1:04  Refinery  
  13  1:12  SCV  
  13  1:17  Supply Depot  
  14  1:24  SCV  
  15  1:36  SCV  
  16  1:40  Supply Depot  
  16  1:50  Engineering Bay  
  16  1:51  SCV  
  17  2:03  Bunker  
  17  2:04  SCV  
  17  2:05  Barracks Reactor  
  18  2:16  SCV  
  19  2:28  SCV  
  20  2:35  Bunker  
  20  2:40  SCV  
  21  2:45  Factory  
  21  2:46  Marine x2  
  23  3:03  Marine  
  24  3:30  Missile Turret  
  24  3:32  Factory Tech Lab  
  24  3:43  Factory  
  24  3:52  Refinery  
  24  3:54  Orbital Command  
  24  4:05  Marine x2  
  26  4:23  Marine x2  
  28  4:29  Command Center  
  28  4:33  SCV  
  29  4:41  Marine x2  
  31  4:51  Siege Tank  
  31  4:52  Missile Turret  
  34  4:59  Marine x2  
  36  5:23  Siege Tank  
  39  5:39  Marine x2  
  41  5:43  Missile Turret  
  41  5:44  Starport  
  41  5:46  Refinery  
  41  5:48  SCV  
  42  5:57  Marine  
  42  6:00  SCV  
  44  6:10  Neosteel Armor  
  44  6:13  SCV  
  45  6:25  SCV  
  46  6:37  SCV  
  47  7:06  Missile Turret  
  47  7:12  SCV  
  48  7:18  Refinery  
  48  7:24  SCV  
  49  7:32  Missile Turret  
  49  7:36  SCV  
  50  7:48  SCV  
  51  8:00  SCV  
  52  8:17  Missile Turret  
  52  8:52  Starport Tech Lab  
  52  9:07  Armory  
  52  9:15  Marine x2  
  54  9:33  Marine x2  
  56  9:51  Marine x2  
  58  9:54  Thor  
  58  9:58  Fusion Core  
  64  10:08  Marine  
  64  10:09  Marine  
  66  10:40  Thor  
  66  10:41  Supply Depot  
  53  11:05  Battlecruiser  
  59  11:49  Thor  
  59  11:57  Terran Infantry Weapons Level 1  
  59  12:21  Battlecruiser  
  59  12:31  Supply Depot  
  59  12:52  Thor  
  59  13:22  Command Center  
  59  13:35  Thor  
Tags
 
Add a new tag
Caveats
  • Supply blocks, unpowered buildings, or Contaminate may cause inaccurate times.
  • Supply counts are checked every 10 seconds.